Detroit Red Wings vs New York Rangers
Created - Saturday, May 11, 2024 at 08:18
Goals
|
| Detroit Red Wings |
0 |
2 |
0 |
2 |
| New York Rangers |
2 |
2 |
1 |
5 |
|
Shots
|
| Detroit Red Wings |
5 |
14 |
24 |
43 |
| New York Rangers |
16 |
8 |
11 |
35 |
|
1st period
1. New York Rangers , David Kampf 9 (Eric Robinson 9, Tyler Motte 6) at 2:04
2. New York Rangers , Artemi Panarin 30 (Matthew Benning 14, Nathan MacKinnon 42) at 16:27
Penalties :
Filip Chytil (NYR) for Elbowing (Minor) at 17:17
2nd period
3. New York Rangers , Artemi Panarin 31 (Pierre-Luc Dubois 38, Mark Giordano 21) at 9:40
4. Detroit Red Wings , Jared McCann 16 (MacKenzie Weegar 28, Steven Stamkos 34) at 9:58
5. Detroit Red Wings , Steven Stamkos 32 (Jared McCann 21, Patrick Kane 33) at 14:25
6. New York Rangers , Artemi Panarin 32 (Nathan MacKinnon 43, Cam Fowler 14) at 17:20
Penalties :
Cole Caufield (NYR) for Fighting (Major) at 0:21, Kevin Shattenkirk (DET) for Fighting (Major) at 0:21, Carter Verhaeghe (DET) for Elbowing (Minor) at 4:55, Zach Bogosian (DET) for Hooking (Minor) at 7:32, Jake McCabe (NYR) for High sticking (Minor) at 10:22
3rd period
7. New York Rangers , David Kampf 10 (Tyler Motte 7, Conor Garland 11) at 4:09
Penalties :
Zach Bogosian (DET) for Hooking (Minor) at 0:40, Kevin Shattenkirk (DET) for Tripping (Minor) at 10:43, Dmitry Kulikov (NYR) for Hooking (Minor) at 16:46, Matthew Boldy (DET) for Holding (Minor) at 17:04
Goalie Stats
Vitek Vanecek (DET), 30 saves from 35 shots - (0.857), L, 26-18-9, 60:00 minutes
Tristan Jarry (NYR), 41 saves from 43 shots - (0.953), W, 9-5-5, 60:00 minutes
Players Stats for Detroit Red Wings
Player Name G A P +/- PIM S H SB GA TA FO MP PP MP PK MP
------------------------------------------------------------------------------------
Alexander Barabanov 0 0 0 -1 0 0 0 0 0 0 0/0 6:12 0:00 0:00
Anthony Cirelli 0 0 0 0 0 2 1 0 0 1 5/10 14:56 0:00 4:04
Arthur Kaliyev 0 0 0 -1 0 1 0 0 0 1 0/0 6:12 0:00 0:00
Carter Verhaeghe 0 0 0 0 2 2 1 0 0 0 0/1 16:35 2:16 0:00
Daniel Sprong 0 0 0 0 0 1 1 1 1 0 0/1 12:52 2:11 0:22
Jared McCann 1 1 2 -1 0 5 3 1 0 0 0/3 22:00 2:00 3:42
Jonathan Huberdeau 0 0 0 0 0 3 2 0 1 0 0/0 10:19 0:00 0:00
Josh Bailey 0 0 0 -2 0 0 0 0 0 1 0/2 10:44 0:00 4:10
Kevin Shattenkirk 0 0 0 1 7 0 2 4 1 0 0/0 24:53 2:05 3:15
MacKenzie Weegar 0 1 1 1 0 5 1 1 0 0 0/0 28:50 2:05 4:25
Matthew Boldy 0 0 0 0 2 5 0 0 0 0 1/1 15:27 2:15 0:00
Michael Del Zotto 0 0 0 -2 0 0 0 1 0 1 0/0 9:52 0:00 0:22
Mika Zibanejad 0 0 0 -1 0 7 1 0 1 0 12/26 20:50 2:16 4:06
Patrick Kane 0 1 1 -1 0 2 0 4 0 0 0/1 17:45 2:00 0:00
Philippe Myers 0 0 0 -3 0 0 0 1 0 0 0/0 13:41 0:00 2:43
Shayne Gostisbehere 0 0 0 -2 0 2 0 2 0 6 0/0 22:52 2:11 3:49
Steven Stamkos 1 1 2 -1 0 7 2 1 1 0 9/19 18:02 2:00 0:04
Zach Bogosian 0 0 0 -2 4 1 1 1 0 1 0/0 17:57 0:00 1:54
Players Stats for New York Rangers
Player Name G A P +/- PIM S H SB GA TA FO MP PP MP PK MP
------------------------------------------------------------------------------------
Adam Larsson 0 0 0 2 0 0 0 1 0 0 0/0 22:39 3:18 2:15
Artemi Panarin 3 0 3 3 0 5 1 2 0 0 0/3 21:32 3:48 0:00
Cam Fowler 0 1 1 0 0 2 0 3 0 1 0/0 18:20 0:52 0:00
Cole Caufield 0 0 0 -1 5 1 1 0 0 0 0/0 14:08 3:10 0:11
Conor Garland 0 1 1 0 0 2 0 1 0 0 0/0 9:55 0:00 0:00
David Kampf 2 0 2 1 0 4 0 0 2 0 4/7 10:45 0:57 1:57
Dmitry Kulikov 0 0 0 0 2 2 3 2 0 1 0/0 17:41 0:18 2:01
Eric Robinson 0 1 1 1 0 2 1 0 2 0 0/0 9:09 0:00 2:08
Filip Chytil 0 0 0 1 2 1 0 0 1 0 0/1 15:25 4:38 0:00
Gabriel Landeskog 0 0 0 0 0 5 3 0 0 0 0/0 16:32 5:04 0:00
Jake McCabe 0 0 0 0 2 1 0 1 0 0 0/0 14:44 0:00 0:00
Mark Giordano 0 1 1 3 0 3 0 3 0 1 0/0 22:12 4:28 2:15
Mathew Barzal 0 0 0 -1 0 1 3 0 2 0 6/11 14:37 3:11 0:00
Matthew Benning 0 1 1 0 0 1 0 1 0 0 0/0 17:26 0:56 2:01
Mikael Granlund 0 0 0 0 0 3 0 0 0 1 9/14 13:15 3:11 0:00
Nathan MacKinnon 0 2 2 2 0 1 0 1 4 0 1/3 21:03 2:16 0:00
Pierre-Luc Dubois 0 1 1 3 0 1 1 2 0 0 17/25 23:51 4:06 2:19
Tyler Motte 0 2 2 1 0 0 1 0 0 1 0/0 10:45 0:57 1:57
3 Stars
1 - Artemi Panarin (NYR)
2 - Tristan Jarry (NYR)
3 - David Kampf (NYR)
Power Play
Detroit Red Wings - 0 on 3 Attempt(s) - 0.00%
New York Rangers - 0 on 5 Attempt(s) - 0.00%
Penalty Kill
Detroit Red Wings - 5 on 5 Attempt(s) - 100.00%
- Score 0 goal in Penalty Kill
New York Rangers - 3 on 3 Attempt(s) - 100.00%
- Score 0 goal in Penalty Kill
Team Stat
Detroit Red Wings - Hits : 15 - Faceoff Wins : 27 - Blocked Shots : 17 - Penalty Minutes : 15
New York Rangers - Hits : 14 - Faceoff Wins : 37 - Blocked Shots : 17 - Penalty Minutes : 11
Official
Referees : Justin StPierre and Eric Furlatt
Linesman : Brad Lazarowich and David Brisebois
Game Notes
Cole Caufield and Kevin Shattenkirk fight to a draw at 0:21 of 2nd period
Artemi Panarin has scored a Hat Trick!
Finance
Level 1 -- Attendance: 4508 (75.13%) -- Ticket Income $459,816
Level 2 -- Attendance: 3599 (71.98%) -- Ticket Income $226,737
Level 3 -- Attendance: 2020 (67.33%) -- Ticket Income $82,820
Level 4 -- Attendance: 3300 (66.00%) -- Ticket Income $92,400
Luxury Box -- Attendance: 759 (75.90%) -- Ticket Income $148,005
Game was played at the Madison Square Garden.
Total Attendance: 14186 (70.93%)
Total Ticket Income: $1,009,778
Other Income: $353,422
Total Income: $1,363,200
Detroit Red Wings
5 vs 5 Forward
Center Left Wing Right Wing Time % Phy DF OF
1 Steven Stamkos Jared McCann Patrick Kane 35 0 1 4
2 Mika Zibanejad Carter Verhaeghe Matthew Boldy 30 1 2 2
3 Anthony Cirelli Jonathan Huberdeau Daniel Sprong 25 1 2 2
4 Josh Bailey Alexander Barabanov Arthur Kaliyev 10 1 2 2
5 vs 5 Defense
Defense Defense Time % Phy DF OF
1 Kevin Shattenkirk MacKenzie Weegar 40 1 2 2
2 Zach Bogosian Shayne Gostisbehere 30 1 2 2
3 Michael Del Zotto Philippe Myers 20 3 1 1
4 Kevin Shattenkirk MacKenzie Weegar 10 1 2 2
PowerPlay Forward
Center Left Wing Right Wing Time % Phy DF OF
1 Steven Stamkos Jared McCann Patrick Kane 50 0 1 4
2 Mika Zibanejad Carter Verhaeghe Matthew Boldy 50 0 1 4
PowerPlay Defense
Defense Defense Time % Phy DF OF
1 Kevin Shattenkirk MacKenzie Weegar 50 1 2 2
2 Shayne Gostisbehere Daniel Sprong 50 1 2 2
Penalty Kill 4 Players Forward
Center Wing Time % Phy DF OF
1 Anthony Cirelli Jared McCann 50 2 2 1
2 Mika Zibanejad Josh Bailey 50 2 2 1
Penalty Kill 4 Players Defense
Defense Defense Time % Phy DF OF
1 Kevin Shattenkirk MacKenzie Weegar 50 2 2 1
2 Zach Bogosian Shayne Gostisbehere 50 2 2 1
Penalty Kill - 3 Players Forward
Forward Time % Phy DF OF
1 Mika Zibanejad 50 1 2 2
2 Anthony Cirelli 50 1 2 2
Penalty Kill - 3 Players Defense
Defense Defense Time % Phy DF OF
1 Kevin Shattenkirk MacKenzie Weegar 50 1 2 2
2 Zach Bogosian Shayne Gostisbehere 50 2 2 1
4 vs 4 Forward
Center Wing Time % Phy DF OF
1 Mika Zibanejad Carter Verhaeghe 60 1 2 2
2 Steven Stamkos Matthew Boldy 40 1 1 3
4 vs 4 Defense
Defense Defense Time % Phy DF OF
1 Kevin Shattenkirk MacKenzie Weegar 60 1 2 2
2 Zach Bogosian Shayne Gostisbehere 40 1 2 2
Last Minutes Offensive
Center Left Wing Right Wing Defense Defense
Mika Zibanejad Carter Verhaeghe Matthew Boldy Kevin Shattenkirk MacKenzie Weegar
Last Minutes Defensive
Center Left Wing Right Wing Defense Defense
Mika Zibanejad Carter Verhaeghe Matthew Boldy Kevin Shattenkirk MacKenzie Weegar
Goaltenders
Starting : Vitek Vanecek
Backup : Laurent Brossoit
Extra Forwards
Normal : Josh Bailey, Daniel Sprong, Arthur Kaliyev - PP : Josh Bailey, Arthur Kaliyev - PK : Jared McCann
Extra Defensemen
Normal : Philippe Myers, Zach Bogosian, Shayne Gostisbehere - PP : Kevin Shattenkirk - PK : Philippe Myers, Zach Bogosian
Penalty Shots
Mika Zibanejad, Jonathan Huberdeau, Matthew Boldy, Carter Verhaeghe, Jared McCann
New York Rangers
5 vs 5 Forward
Center Left Wing Right Wing Time % Phy DF OF
1 Pierre-Luc Dubois Artemi Panarin Nathan MacKinnon 37 0 1 4
2 Mathew Barzal Cole Caufield Gabriel Landeskog 30 1 1 3
3 Mikael Granlund Filip Chytil Conor Garland 23 1 2 2
4 David Kampf Eric Robinson Tyler Motte 10 1 3 1
5 vs 5 Defense
Defense Defense Time % Phy DF OF
1 Cam Fowler Dmitry Kulikov 35 1 2 2
2 Adam Larsson Mark Giordano 33 1 2 2
3 Matthew Benning Jake McCabe 32 1 2 2
4 Cam Fowler Adam Larsson 0 1 2 2
PowerPlay Forward
Center Left Wing Right Wing Time % Phy DF OF
1 Pierre-Luc Dubois Gabriel Landeskog Artemi Panarin 50 0 1 4
2 Mikael Granlund Mathew Barzal Cole Caufield 50 0 1 4
PowerPlay Defense
Defense Defense Time % Phy DF OF
1 Nathan MacKinnon Adam Larsson 60 1 1 3
2 Filip Chytil Mark Giordano 40 1 1 3
Penalty Kill 4 Players Forward
Center Wing Time % Phy DF OF
1 Pierre-Luc Dubois Eric Robinson 50 1 3 1
2 David Kampf Tyler Motte 50 1 3 1
Penalty Kill 4 Players Defense
Defense Defense Time % Phy DF OF
1 Matthew Benning Dmitry Kulikov 50 1 3 1
2 Adam Larsson Mark Giordano 50 1 3 1
Penalty Kill - 3 Players Forward
Forward Time % Phy DF OF
1 Pierre-Luc Dubois 50 1 2 2
2 David Kampf 50 1 2 2
Penalty Kill - 3 Players Defense
Defense Defense Time % Phy DF OF
1 Matthew Benning Dmitry Kulikov 50 1 3 1
2 Adam Larsson Mark Giordano 50 1 3 1
4 vs 4 Forward
Center Wing Time % Phy DF OF
1 Nathan MacKinnon Artemi Panarin 50 0 2 3
2 Pierre-Luc Dubois Cole Caufield 50 0 2 3
4 vs 4 Defense
Defense Defense Time % Phy DF OF
1 Cam Fowler Adam Larsson 50 1 2 2
2 Dmitry Kulikov Mark Giordano 50 1 2 2
Last Minutes Offensive
Center Left Wing Right Wing Defense Defense
Nathan MacKinnon Cole Caufield Pierre-Luc Dubois Cam Fowler Adam Larsson
Last Minutes Defensive
Center Left Wing Right Wing Defense Defense
David Kampf Tyler Motte Mikael Granlund Dmitry Kulikov Adam Larsson
Goaltenders
Starting : Tristan Jarry
Backup : Igor Shesterkin
Extra Forwards
Normal : Nathan MacKinnon, Pierre-Luc Dubois, Gabriel Landeskog - PP : Gabriel Landeskog, Cole Caufield - PK : David Kampf
Extra Defensemen
Normal : Matthew Benning, Jake McCabe, Dmitry Kulikov - PP : Matthew Benning - PK : Jake McCabe, Dmitry Kulikov
Penalty Shots
Artemi Panarin, Cole Caufield, Pierre-Luc Dubois, Mark Giordano, David Kampf
% Time on Ice - Detroit Red Wings
Lines # - Real PCT - Wanted PCT - Time Play
Normal Forward
1 - 36% - 35% - 16:18
2 - 28% - 30% - 13:00
3 - 23% - 25% - 10:19
4 - 14% - 10% - 6:12
Normal Defense
1 - 42% - 40% - 19:16
2 - 34% - 30% - 15:27
3 - 21% - 20% - 9:30
4 - 3% - 10% - 1:36
PP Forward
1 - 47% - 50% - 2:00
2 - 53% - 50% - 2:16
PP Defense
1 - 49% - 50% - 2:05
2 - 51% - 50% - 2:11
PK Forward
1 - 49% - 50% - 4:04
2 - 51% - 50% - 4:10
PK Defense
1 - 61% - 50% - 5:00
2 - 39% - 50% - 3:14
PK3 Forward
1 - 0% - 50%
2 - 0% - 50%
PK3 Defense
1 - 0% - 50%
2 - 0% - 50%
44 Forward
1 - 87% - 60% - 1:28
2 - 13% - 40% - 0:13
44 Defense
1 - 87% - 60% - 1:28
2 - 13% - 40% - 0:13
Last Minute Offensive - 0:00
Last Minute Defensive - 0:00
Total
Forward - 60:00
Defense - 60:00
|
% Time on Ice - New York Rangers
Lines # - Real PCT - Wanted PCT - Time Play
Normal Forward
1 - 36% - 37% - 16:16
2 - 28% - 30% - 12:37
3 - 22% - 23% - 9:55
4 - 15% - 10% - 7:01
Normal Defense
1 - 34% - 35% - 15:40
2 - 33% - 33% - 15:16
3 - 30% - 32% - 13:55
4 - 2% - 0% - 0:58
PP Forward
1 - 58% - 50% - 4:45
2 - 42% - 50% - 3:29
PP Defense
1 - 40% - 60% - 3:18
2 - 60% - 40% - 4:56
PK Forward
1 - 54% - 50% - 2:19
2 - 46% - 50% - 1:57
PK Defense
1 - 47% - 50% - 2:01
2 - 53% - 50% - 2:15
PK3 Forward
1 - 0% - 50%
2 - 0% - 50%
PK3 Defense
1 - 0% - 50%
2 - 0% - 50%
44 Forward
1 - 87% - 50% - 1:28
2 - 13% - 50% - 0:13
44 Defense
1 - 87% - 50% - 1:28
2 - 13% - 50% - 0:13
Last Minute Offensive - 0:00
Last Minute Defensive - 0:00
Total
Forward - 60:00
Defense - 60:00
|
Play-by-Play
1st period
0:01 of 1st period - Pierre-Luc Dubois wins face-off versus Steven Stamkos in neutral zone.
0:14 of 1st period - Wrist shot by Artemi Panarin.
0:14 of 1st period - Stopped by Vitek Vanecek with a rebound.
0:16 of 1st period - Slapshot by Dmitry Kulikov.
0:16 of 1st period - Shot Misses the Net.
1:01 of 1st period - Snap shot by Jonathan Huberdeau.
1:01 of 1st period - Shot Hit the Post.
1:03 of 1st period - Snap shot by Jonathan Huberdeau.
1:03 of 1st period - Shot Blocked by Adam Larsson.
1:33 of 1st period - Eric Robinson is hit by Jared McCann and loses puck.
2:04 of 1st period - Snap shot by Eric Robinson.
2:04 of 1st period - Deflect By David Kampf.
2:04 of 1st period - Goal by David Kampf - Detroit Red Wings : 0 - New York Rangers : 1.
2:05 of 1st period - Pierre-Luc Dubois wins face-off versus Mika Zibanejad in neutral zone.
2:09 of 1st period - Off-side.
2:10 of 1st period - Pierre-Luc Dubois wins face-off versus Mika Zibanejad in neutral zone.
3:21 of 1st period - MacKenzie Weegar is hit by Dmitry Kulikov and loses puck.
3:26 of 1st period - Snap shot by Artemi Panarin.
3:26 of 1st period - Stopped by Vitek Vanecek without a rebound.
3:27 of 1st period - Mika Zibanejad wins face-off versus Mathew Barzal in Detroit Red Wings zone.
3:44 of 1st period - Snap shot by Mika Zibanejad.
3:44 of 1st period - Shot Misses the Net.
3:54 of 1st period - Gabriel Landeskog is hit by Zach Bogosian.
4:24 of 1st period - Icing by Jonathan Huberdeau.
4:25 of 1st period - Anthony Cirelli wins face-off versus Pierre-Luc Dubois in Detroit Red Wings zone.
4:25 of 1st period - Anthony Cirelli is hit by Dmitry Kulikov.
4:31 of 1st period - Wrist shot by Daniel Sprong.
4:31 of 1st period - Shot Misses the Net.
5:05 of 1st period - Snap shot by Daniel Sprong.
5:05 of 1st period - Shot Misses the Net.
5:07 of 1st period - Slapshot by Daniel Sprong.
5:07 of 1st period - Shot Misses the Net.
5:33 of 1st period - Snap shot by Jonathan Huberdeau.
5:33 of 1st period - Shot Misses the Net.
5:35 of 1st period - Wrist shot by Jonathan Huberdeau.
5:35 of 1st period - Stopped by Tristan Jarry without a rebound.
5:36 of 1st period - Mika Zibanejad wins face-off versus Mikael Granlund in New York Rangers zone.
5:43 of 1st period - Slapshot by Matthew Boldy.
5:43 of 1st period - Shot Blocked by Jake McCabe.
5:51 of 1st period - Snap shot by Mikael Granlund.
5:51 of 1st period - Stopped by Vitek Vanecek with a rebound.
6:03 of 1st period - Matthew Benning is hit by Kevin Shattenkirk.
6:58 of 1st period - Dmitry Kulikov is hit by MacKenzie Weegar and loses puck.
7:07 of 1st period - Snap shot by Mika Zibanejad.
7:07 of 1st period - Shot Blocked by Cam Fowler.
7:09 of 1st period - Wrist shot by Mika Zibanejad.
7:09 of 1st period - Shot Misses the Net.
7:25 of 1st period - Wrist shot by Filip Chytil.
7:25 of 1st period - Shot Blocked by MacKenzie Weegar.
7:50 of 1st period - Snap shot by Jonathan Huberdeau.
7:50 of 1st period - Shot Blocked by Mark Giordano.
7:52 of 1st period - Slapshot by MacKenzie Weegar.
7:52 of 1st period - Stopped by Tristan Jarry with a rebound.
7:54 of 1st period - Slapshot by Jonathan Huberdeau.
7:54 of 1st period - Shot Misses the Net.
8:30 of 1st period - Mark Giordano is hit by Jonathan Huberdeau and loses puck.
8:51 of 1st period - Wrist shot by Arthur Kaliyev.
8:51 of 1st period - Shot Misses the Net.
9:07 of 1st period - Philippe Myers is hit by Mathew Barzal and loses puck.
9:18 of 1st period - Snap shot by Steven Stamkos.
9:18 of 1st period - Stopped by Tristan Jarry without a rebound.
9:19 of 1st period - Pierre-Luc Dubois wins face-off versus Steven Stamkos in New York Rangers zone.
9:36 of 1st period - Wrist shot by Steven Stamkos.
9:36 of 1st period - Stopped by Tristan Jarry without a rebound.
9:37 of 1st period - Mikael Granlund wins face-off versus Mika Zibanejad in New York Rangers zone.
10:08 of 1st period - Snap shot by Nathan MacKinnon.
10:08 of 1st period - Shot Blocked by Patrick Kane.
10:28 of 1st period - Snap shot by Gabriel Landeskog.
10:28 of 1st period - Stopped by Vitek Vanecek with a rebound.
11:09 of 1st period - Snap shot by Matthew Boldy.
11:09 of 1st period - Shot Blocked by Matthew Benning.
11:17 of 1st period - Wrist shot by Mika Zibanejad.
11:17 of 1st period - Stopped by Tristan Jarry with a rebound.
11:49 of 1st period - Wrist shot by Steven Stamkos.
11:49 of 1st period - Shot Blocked by Dmitry Kulikov.
11:56 of 1st period - Wrist shot by Dmitry Kulikov.
11:56 of 1st period - Shot Misses the Net.
11:58 of 1st period - Slapshot by Cam Fowler.
11:58 of 1st period - Stopped by Vitek Vanecek without a rebound.
11:59 of 1st period - Pierre-Luc Dubois wins face-off versus Mika Zibanejad in Detroit Red Wings zone.
12:49 of 1st period - Wrist shot by Eric Robinson.
12:49 of 1st period - Stopped by Vitek Vanecek with a rebound.
12:51 of 1st period - Slapshot by Mark Giordano.
12:51 of 1st period - Shot Blocked by Kevin Shattenkirk.
12:53 of 1st period - Backhand shot by Mark Giordano.
12:53 of 1st period - Stopped by Vitek Vanecek with a rebound.
12:55 of 1st period - Wrist shot by Mark Giordano.
12:55 of 1st period - Shot Misses the Net.
12:57 of 1st period - Snap shot by Tyler Motte.
12:57 of 1st period - Shot Misses the Net.
12:59 of 1st period - Slapshot by Mark Giordano.
12:59 of 1st period - Stopped by Vitek Vanecek with a rebound.
13:01 of 1st period - Slapshot by Adam Larsson.
13:01 of 1st period - Shot Blocked by Kevin Shattenkirk.
13:13 of 1st period - Filip Chytil is hit by Kevin Shattenkirk.
13:36 of 1st period - Wrist shot by Matthew Boldy.
13:36 of 1st period - Shot Blocked by Mark Giordano.
13:54 of 1st period - Wrist shot by Cole Caufield.
13:54 of 1st period - Shot Misses the Net.
13:56 of 1st period - Slapshot by Mathew Barzal.
13:56 of 1st period - Shot Blocked by Patrick Kane.
13:58 of 1st period - Snap shot by Cole Caufield.
13:58 of 1st period - Stopped by Vitek Vanecek without a rebound.
13:59 of 1st period - Mathew Barzal wins face-off versus Steven Stamkos in Detroit Red Wings zone.
14:09 of 1st period - Snap shot by Gabriel Landeskog.
14:09 of 1st period - Stopped by Vitek Vanecek with a rebound.
14:11 of 1st period - Wrist shot by Cole Caufield.
14:11 of 1st period - Shot Misses the Net.
14:13 of 1st period - Slapshot by Matthew Benning.
14:13 of 1st period - Shot Misses the Net.
14:54 of 1st period - Wrist shot by Conor Garland.
14:54 of 1st period - Shot Blocked by Philippe Myers.
14:56 of 1st period - Wrist shot by Mikael Granlund.
14:56 of 1st period - Stopped by Vitek Vanecek without a rebound.
14:57 of 1st period - Steven Stamkos wins face-off versus Mikael Granlund in Detroit Red Wings zone.
15:31 of 1st period - Snap shot by Cole Caufield.
15:31 of 1st period - Shot Misses the Net.
15:33 of 1st period - Wrist shot by Mark Giordano.
15:33 of 1st period - Stopped by Vitek Vanecek without a rebound.
15:34 of 1st period - Anthony Cirelli wins face-off versus Artemi Panarin in Detroit Red Wings zone.
15:59 of 1st period - Patrick Kane is hit by Gabriel Landeskog and loses puck.
16:17 of 1st period - Icing by MacKenzie Weegar.
16:18 of 1st period - Mikael Granlund wins face-off versus Steven Stamkos in Detroit Red Wings zone.
16:19 of 1st period - Snap shot by Conor Garland.
16:19 of 1st period - Stopped by Vitek Vanecek with a rebound.
16:21 of 1st period - Slapshot by Jake McCabe.
16:21 of 1st period - Shot Blocked by Steven Stamkos.
16:23 of 1st period - Snap shot by Nathan MacKinnon.
16:23 of 1st period - Shot Misses the Net.
16:25 of 1st period - Wrist shot by Matthew Benning.
16:25 of 1st period - Stopped by Vitek Vanecek with a rebound.
16:27 of 1st period - Slapshot by Artemi Panarin.
16:27 of 1st period - Goal by Artemi Panarin - Detroit Red Wings : 0 - New York Rangers : 2.
16:28 of 1st period - Steven Stamkos wins face-off versus Pierre-Luc Dubois in neutral zone.
17:17 of 1st period - Minor Penalty to Filip Chytil for Elbowing.
17:18 of 1st period - Pierre-Luc Dubois wins face-off versus Jared McCann in New York Rangers zone.
17:35 of 1st period - Wrist shot by Patrick Kane.
17:35 of 1st period - Shot Misses the Net.
19:17 of 1st period - Penalty to Filip Chytil is over, Filip Chytil is back on ice.
19:46 of 1st period - Anthony Cirelli is hit by Cole Caufield and loses puck.
19:53 of 1st period - Jonathan Huberdeau is hit by Mathew Barzal and loses puck.
Goals for this period are 0 for Detroit Red Wings vs 2 for New York Rangers.
Shots for this period are 5 for Detroit Red Wings vs 16 for New York Rangers.
2nd period
0:01 of 2nd period - Pierre-Luc Dubois wins face-off versus Steven Stamkos in neutral zone.
0:12 of 2nd period - Wrist shot by Steven Stamkos.
0:12 of 2nd period - Shot Misses the Net.
0:14 of 2nd period - Wrist shot by Steven Stamkos.
0:14 of 2nd period - Shot Blocked by Mark Giordano.
0:16 of 2nd period - Snap shot by Steven Stamkos.
0:16 of 2nd period - Stopped by Tristan Jarry without a rebound.
0:17 of 2nd period - Mathew Barzal wins face-off versus Mika Zibanejad in New York Rangers zone.
0:21 of 2nd period - Cole Caufield and Kevin Shattenkirk fight to a draw.
0:21 of 2nd period - Penalty to Cole Caufield for Fighting.
0:21 of 2nd period - Penalty to Kevin Shattenkirk for Fighting.
0:22 of 2nd period - Mika Zibanejad wins face-off versus Pierre-Luc Dubois in Detroit Red Wings zone.
0:22 of 2nd period - Mika Zibanejad is hit by Artemi Panarin.
0:36 of 2nd period - Slapshot by Artemi Panarin.
0:36 of 2nd period - Shot Misses the Net.
0:48 of 2nd period - Matthew Benning is hit by Steven Stamkos and loses puck.
2:06 of 2nd period - Filip Chytil is hit by Mika Zibanejad and loses puck.
2:25 of 2nd period - Snap shot by David Kampf.
2:25 of 2nd period - Stopped by Vitek Vanecek with a rebound.
2:28 of 2nd period - Icing by Philippe Myers.
2:29 of 2nd period - Pierre-Luc Dubois wins face-off versus Daniel Sprong in Detroit Red Wings zone.
3:01 of 2nd period - Snap shot by Steven Stamkos.
3:01 of 2nd period - Shot Misses the Net.
3:31 of 2nd period - Wrist shot by Mikael Granlund.
3:31 of 2nd period - Stopped by Vitek Vanecek with a rebound.
4:05 of 2nd period - Snap shot by Mathew Barzal.
4:05 of 2nd period - Stopped by Vitek Vanecek with a rebound.
4:25 of 2nd period - Snap shot by Steven Stamkos.
4:25 of 2nd period - Shot Blocked by Dmitry Kulikov.
4:31 of 2nd period - Slapshot by Jared McCann.
4:31 of 2nd period - Stopped by Tristan Jarry with a rebound.
4:33 of 2nd period - Snap shot by Jared McCann.
4:33 of 2nd period - Shot Misses the Net.
4:55 of 2nd period - Minor Penalty to Carter Verhaeghe for Elbowing.
4:56 of 2nd period - Mikael Granlund wins face-off versus Anthony Cirelli in Detroit Red Wings zone.
4:57 of 2nd period - Snap shot by Mathew Barzal.
4:57 of 2nd period - Deflect By Mikael Granlund.
4:57 of 2nd period - Shot Blocked by Shayne Gostisbehere.
4:57 of 2nd period - Puck is out of play.
4:58 of 2nd period - Anthony Cirelli wins face-off versus Mikael Granlund in Detroit Red Wings zone.
5:03 of 2nd period - Mikael Granlund is hit by Jared McCann and loses puck.
5:21 of 2nd period - Penalty to Kevin Shattenkirk is over, Kevin Shattenkirk is back on ice.
5:24 of 2nd period - Wrist shot by Mika Zibanejad.
5:24 of 2nd period - Stopped by Tristan Jarry without a rebound.
5:25 of 2nd period - Pierre-Luc Dubois wins face-off versus Mika Zibanejad in New York Rangers zone.
5:51 of 2nd period - Cole Caufield is hit by Anthony Cirelli and loses puck.
6:55 of 2nd period - Penalty to Carter Verhaeghe is over, Carter Verhaeghe is back on ice.
7:19 of 2nd period - Slapshot by Arthur Kaliyev.
7:19 of 2nd period - Shot Misses the Net.
7:32 of 2nd period - Minor Penalty to Zach Bogosian for Hooking.
7:33 of 2nd period - Pierre-Luc Dubois wins face-off versus Mika Zibanejad in Detroit Red Wings zone.
8:31 of 2nd period - Wrist shot by Artemi Panarin.
8:31 of 2nd period - Shot Misses the Net.
9:32 of 2nd period - Penalty to Zach Bogosian is over, Zach Bogosian is back on ice.
9:40 of 2nd period - Snap shot by Artemi Panarin.
9:40 of 2nd period - Goal by Artemi Panarin - Detroit Red Wings : 0 - New York Rangers : 3.
9:41 of 2nd period - Steven Stamkos wins face-off versus David Kampf in neutral zone.
9:44 of 2nd period - Jake McCabe is hit by Jared McCann and loses puck.
9:56 of 2nd period - Wrist shot by Jared McCann.
9:56 of 2nd period - Stopped by Tristan Jarry with a rebound.
9:58 of 2nd period - Slapshot by Jared McCann.
9:58 of 2nd period - Goal by Jared McCann - Detroit Red Wings : 1 - New York Rangers : 3.
9:59 of 2nd period - Steven Stamkos wins face-off versus David Kampf in neutral zone.
10:04 of 2nd period - Slapshot by Steven Stamkos.
10:04 of 2nd period - Stopped by Tristan Jarry with a rebound.
10:12 of 2nd period - Wrist shot by Patrick Kane.
10:12 of 2nd period - Stopped by Tristan Jarry with a rebound.
10:22 of 2nd period - Minor Penalty to Jake McCabe for High sticking.
10:23 of 2nd period - David Kampf wins face-off versus Mika Zibanejad in New York Rangers zone.
11:17 of 2nd period - Off-side.
11:18 of 2nd period - David Kampf wins face-off versus Mika Zibanejad in neutral zone.
11:36 of 2nd period - Patrick Kane is hit by Pierre-Luc Dubois and loses puck.
12:22 of 2nd period - Penalty to Jake McCabe is over, Jake McCabe is back on ice.
13:06 of 2nd period - David Kampf is hit by Carter Verhaeghe and loses puck.
13:37 of 2nd period - Snap shot by Alexander Barabanov.
13:37 of 2nd period - Shot Blocked by Conor Garland.
13:45 of 2nd period - Snap shot by Conor Garland.
13:45 of 2nd period - Stopped by Vitek Vanecek without a rebound.
13:46 of 2nd period - Mika Zibanejad wins face-off versus Nathan MacKinnon in Detroit Red Wings zone.
14:12 of 2nd period - Gabriel Landeskog is hit by Steven Stamkos and loses puck.
14:21 of 2nd period - Wrist shot by Steven Stamkos.
14:21 of 2nd period - Shot Misses the Net.
14:23 of 2nd period - Snap shot by Jared McCann.
14:23 of 2nd period - Stopped by Tristan Jarry with a rebound.
14:25 of 2nd period - Snap shot by Steven Stamkos.
14:25 of 2nd period - Goal by Steven Stamkos - Detroit Red Wings : 2 - New York Rangers : 3.
14:26 of 2nd period - Steven Stamkos wins face-off versus Pierre-Luc Dubois in neutral zone.
14:36 of 2nd period - Wrist shot by Jared McCann.
14:36 of 2nd period - Shot Misses the Net.
15:14 of 2nd period - Jonathan Huberdeau is hit by Dmitry Kulikov and loses puck.
15:21 of 2nd period - Snap shot by David Kampf.
15:21 of 2nd period - Deflect By Eric Robinson.
15:21 of 2nd period - Stopped by Vitek Vanecek without a rebound.
15:22 of 2nd period - Pierre-Luc Dubois wins face-off versus Steven Stamkos in Detroit Red Wings zone.
15:57 of 2nd period - Mika Zibanejad is hit by Gabriel Landeskog and loses puck.
16:34 of 2nd period - Slapshot by Cam Fowler.
16:34 of 2nd period - Shot Blocked by Kevin Shattenkirk.
17:20 of 2nd period - Snap shot by Artemi Panarin.
17:20 of 2nd period - Goal by Artemi Panarin - Detroit Red Wings : 2 - New York Rangers : 4.
17:21 of 2nd period - Nathan MacKinnon wins face-off versus Steven Stamkos in neutral zone.
17:32 of 2nd period - Wrist shot by Artemi Panarin.
17:32 of 2nd period - Shot Blocked by Patrick Kane.
17:34 of 2nd period - Snap shot by Jake McCabe.
17:34 of 2nd period - Stopped by Vitek Vanecek without a rebound.
17:35 of 2nd period - Pierre-Luc Dubois wins face-off versus Carter Verhaeghe in Detroit Red Wings zone.
18:45 of 2nd period - Shayne Gostisbehere is hit by Tyler Motte and loses puck.
19:06 of 2nd period - Slapshot by Carter Verhaeghe.
19:06 of 2nd period - Deflect By Mika Zibanejad.
19:06 of 2nd period - Stopped by Tristan Jarry without a rebound.
19:07 of 2nd period - Mika Zibanejad wins face-off versus Pierre-Luc Dubois in New York Rangers zone.
19:16 of 2nd period - Snap shot by Matthew Boldy.
19:16 of 2nd period - Stopped by Tristan Jarry with a rebound.
19:18 of 2nd period - Slapshot by Zach Bogosian.
19:18 of 2nd period - Deflect By Matthew Boldy.
19:18 of 2nd period - Stopped by Tristan Jarry with a rebound.
19:20 of 2nd period - Snap shot by Mika Zibanejad.
19:20 of 2nd period - Shot Misses the Net.
19:46 of 2nd period - Wrist shot by Mika Zibanejad.
19:46 of 2nd period - Shot Blocked by Pierre-Luc Dubois.
19:48 of 2nd period - Wrist shot by Zach Bogosian.
19:48 of 2nd period - Deflect By Artemi Panarin.
19:48 of 2nd period - Stopped by Tristan Jarry with a rebound.
19:50 of 2nd period - Slapshot by Shayne Gostisbehere.
19:50 of 2nd period - Stopped by Tristan Jarry with a rebound.
19:52 of 2nd period - Wrist shot by Zach Bogosian.
19:52 of 2nd period - Deflect By Carter Verhaeghe.
19:52 of 2nd period - Shot Blocked by Pierre-Luc Dubois.
19:52 of 2nd period - Puck is out of play.
19:53 of 2nd period - Mathew Barzal wins face-off versus Jared McCann in New York Rangers zone.
19:57 of 2nd period - Off-side.
19:58 of 2nd period - Steven Stamkos wins face-off versus Mathew Barzal in neutral zone.
Goals for this period are 2 for Detroit Red Wings vs 2 for New York Rangers.
Shots for this period are 14 for Detroit Red Wings vs 8 for New York Rangers.
3rd period
0:01 of 3rd period - Pierre-Luc Dubois wins face-off versus Steven Stamkos in neutral zone.
0:15 of 3rd period - Slapshot by Patrick Kane.
0:15 of 3rd period - Shot Blocked by Artemi Panarin.
0:33 of 3rd period - Slapshot by Mika Zibanejad.
0:33 of 3rd period - Stopped by Tristan Jarry without a rebound.
0:34 of 3rd period - Mathew Barzal wins face-off versus Mika Zibanejad in New York Rangers zone.
0:40 of 3rd period - Minor Penalty to Zach Bogosian for Hooking.
0:41 of 3rd period - Mikael Granlund wins face-off versus Anthony Cirelli in Detroit Red Wings zone.
2:32 of 3rd period - Icing by Mark Giordano.
2:33 of 3rd period - Mikael Granlund wins face-off versus Anthony Cirelli in New York Rangers zone.
2:40 of 3rd period - Penalty to Zach Bogosian is over, Zach Bogosian is back on ice.
2:47 of 3rd period - Slapshot by Michael Del Zotto.
2:47 of 3rd period - Deflect By Mika Zibanejad.
2:47 of 3rd period - Stopped by Tristan Jarry without a rebound.
2:48 of 3rd period - Matthew Boldy wins face-off versus David Kampf in New York Rangers zone.
2:55 of 3rd period - Wrist shot by Matthew Boldy.
2:55 of 3rd period - Stopped by Tristan Jarry without a rebound.
2:56 of 3rd period - Pierre-Luc Dubois wins face-off versus Steven Stamkos in New York Rangers zone.
4:07 of 3rd period - Slapshot by David Kampf.
4:07 of 3rd period - Shot Misses the Net.
4:09 of 3rd period - Slapshot by David Kampf.
4:09 of 3rd period - Goal by David Kampf - Detroit Red Wings : 2 - New York Rangers : 5.
4:10 of 3rd period - Pierre-Luc Dubois wins face-off versus Steven Stamkos in neutral zone.
4:21 of 3rd period - Snap shot by Jared McCann.
4:21 of 3rd period - Stopped by Tristan Jarry with a rebound.
5:34 of 3rd period - Wrist shot by Josh Bailey.
5:34 of 3rd period - Deflect By Arthur Kaliyev.
5:34 of 3rd period - Stopped by Tristan Jarry without a rebound.
5:35 of 3rd period - Steven Stamkos wins face-off versus Mathew Barzal in New York Rangers zone.
5:36 of 3rd period - Slapshot by Patrick Kane.
5:36 of 3rd period - Stopped by Tristan Jarry with a rebound.
5:46 of 3rd period - Snap shot by Mathew Barzal.
5:46 of 3rd period - Shot Hit the Post.
6:15 of 3rd period - Wrist shot by Nathan MacKinnon.
6:15 of 3rd period - Stopped by Vitek Vanecek with a rebound.
6:36 of 3rd period - Wrist shot by Mika Zibanejad.
6:36 of 3rd period - Shot Misses the Net.
6:38 of 3rd period - Slapshot by Mika Zibanejad.
6:38 of 3rd period - Stopped by Tristan Jarry without a rebound.
6:39 of 3rd period - Mathew Barzal wins face-off versus Mika Zibanejad in New York Rangers zone.
6:45 of 3rd period - Icing by Mika Zibanejad.
6:46 of 3rd period - Mika Zibanejad wins face-off versus Mathew Barzal in Detroit Red Wings zone.
6:46 of 3rd period - Mika Zibanejad is hit by Mathew Barzal.
7:00 of 3rd period - Snap shot by Matthew Boldy.
7:00 of 3rd period - Stopped by Tristan Jarry with a rebound.
7:56 of 3rd period - Off-side.
7:57 of 3rd period - Mikael Granlund wins face-off versus Josh Bailey in neutral zone.
8:24 of 3rd period - Icing by Nathan MacKinnon.
8:25 of 3rd period - Steven Stamkos wins face-off versus Pierre-Luc Dubois in New York Rangers zone.
9:00 of 3rd period - Snap shot by Steven Stamkos.
9:00 of 3rd period - Stopped by Tristan Jarry with a rebound.
9:32 of 3rd period - Snap shot by Steven Stamkos.
9:32 of 3rd period - Stopped by Tristan Jarry with a rebound.
10:15 of 3rd period - Wrist shot by Nathan MacKinnon.
10:15 of 3rd period - Shot Misses the Net.
10:17 of 3rd period - Slapshot by Mark Giordano.
10:17 of 3rd period - Shot Blocked by Patrick Kane.
10:19 of 3rd period - Snap shot by Pierre-Luc Dubois.
10:19 of 3rd period - Stopped by Vitek Vanecek without a rebound.
10:20 of 3rd period - Mathew Barzal wins face-off versus Anthony Cirelli in Detroit Red Wings zone.
10:43 of 3rd period - Minor Penalty to Kevin Shattenkirk for Tripping.
10:44 of 3rd period - Mika Zibanejad wins face-off versus Mikael Granlund in Detroit Red Wings zone.
10:55 of 3rd period - Snap shot by Mika Zibanejad.
10:55 of 3rd period - Stopped by Tristan Jarry with a rebound.
10:57 of 3rd period - Slapshot by MacKenzie Weegar.
10:57 of 3rd period - Stopped by Tristan Jarry with a rebound.
10:59 of 3rd period - Wrist shot by MacKenzie Weegar.
10:59 of 3rd period - Stopped by Tristan Jarry with a rebound.
11:25 of 3rd period - Mark Giordano is hit by Daniel Sprong and loses puck.
11:46 of 3rd period - Wrist shot by Gabriel Landeskog.
11:46 of 3rd period - Stopped by Vitek Vanecek without a rebound.
11:47 of 3rd period - David Kampf wins face-off versus Mika Zibanejad in Detroit Red Wings zone.
12:24 of 3rd period - Wrist shot by Gabriel Landeskog.
12:24 of 3rd period - Shot Blocked by Michael Del Zotto.
12:26 of 3rd period - Slapshot by Cam Fowler.
12:26 of 3rd period - Stopped by Vitek Vanecek with a rebound.
12:28 of 3rd period - Wrist shot by Gabriel Landeskog.
12:28 of 3rd period - Stopped by Vitek Vanecek with a rebound.
12:30 of 3rd period - Snap shot by David Kampf.
12:30 of 3rd period - Stopped by Vitek Vanecek without a rebound.
12:31 of 3rd period - Mikael Granlund wins face-off versus Anthony Cirelli in Detroit Red Wings zone.
12:43 of 3rd period - Penalty to Kevin Shattenkirk is over, Kevin Shattenkirk is back on ice.
13:53 of 3rd period - Wrist shot by Filip Chytil.
13:53 of 3rd period - Stopped by Vitek Vanecek without a rebound.
13:54 of 3rd period - Mikael Granlund wins face-off versus Mika Zibanejad in Detroit Red Wings zone.
13:57 of 3rd period - Slapshot by Filip Chytil.
13:57 of 3rd period - Deflect By Mikael Granlund.
13:57 of 3rd period - Shot Misses the Net.
13:57 of 3rd period - Puck is out of play.
13:58 of 3rd period - Mika Zibanejad wins face-off versus Mikael Granlund in Detroit Red Wings zone.
14:28 of 3rd period - Snap shot by Mathew Barzal.
14:28 of 3rd period - Shot Blocked by Kevin Shattenkirk.
14:34 of 3rd period - Snap shot by Gabriel Landeskog.
14:34 of 3rd period - Stopped by Vitek Vanecek without a rebound.
14:35 of 3rd period - Pierre-Luc Dubois wins face-off versus Patrick Kane in Detroit Red Wings zone.
14:40 of 3rd period - Wrist shot by Nathan MacKinnon.
14:40 of 3rd period - Shot Misses the Net.
14:42 of 3rd period - Slapshot by Matthew Benning.
14:42 of 3rd period - Deflect By Pierre-Luc Dubois.
14:42 of 3rd period - Shot Misses the Net.
14:42 of 3rd period - Puck is out of play.
14:43 of 3rd period - Pierre-Luc Dubois wins face-off versus Jared McCann in Detroit Red Wings zone.
15:00 of 3rd period - Snap shot by Nathan MacKinnon.
15:00 of 3rd period - Deflect By Artemi Panarin.
15:00 of 3rd period - Shot Blocked by Zach Bogosian.
15:00 of 3rd period - Puck is out of play.
15:01 of 3rd period - Anthony Cirelli wins face-off versus Mathew Barzal in Detroit Red Wings zone.
15:01 of 3rd period - Anthony Cirelli is hit by Gabriel Landeskog.
15:13 of 3rd period - Gabriel Landeskog is hit by Jonathan Huberdeau and loses puck.
15:35 of 3rd period - Slapshot by Pierre-Luc Dubois.
15:35 of 3rd period - Shot Misses the Net.
15:53 of 3rd period - Snap shot by David Kampf.
15:53 of 3rd period - Shot Misses the Net.
15:57 of 3rd period - Wrist shot by Eric Robinson.
15:57 of 3rd period - Shot Misses the Net.
16:11 of 3rd period - Snap shot by Anthony Cirelli.
16:11 of 3rd period - Stopped by Tristan Jarry with a rebound.
16:13 of 3rd period - Slapshot by MacKenzie Weegar.
16:13 of 3rd period - Stopped by Tristan Jarry without a rebound.
16:14 of 3rd period - Anthony Cirelli wins face-off versus Filip Chytil in New York Rangers zone.
16:15 of 3rd period - Snap shot by Jonathan Huberdeau.
16:15 of 3rd period - Stopped by Tristan Jarry with a rebound.
16:17 of 3rd period - Wrist shot by Anthony Cirelli.
16:17 of 3rd period - Shot Misses the Net.
16:19 of 3rd period - Snap shot by Daniel Sprong.
16:19 of 3rd period - Deflect By Anthony Cirelli.
16:19 of 3rd period - Stopped by Tristan Jarry with a rebound.
16:21 of 3rd period - Snap shot by Daniel Sprong.
16:21 of 3rd period - Stopped by Tristan Jarry with a rebound.
16:23 of 3rd period - Wrist shot by Jonathan Huberdeau.
16:23 of 3rd period - Shot Misses the Net.
16:25 of 3rd period - Snap shot by Jonathan Huberdeau.
16:25 of 3rd period - Stopped by Tristan Jarry without a rebound.
16:26 of 3rd period - Mika Zibanejad wins face-off versus Pierre-Luc Dubois in New York Rangers zone.
16:29 of 3rd period - Slapshot by Mika Zibanejad.
16:29 of 3rd period - Shot Misses the Net.
16:31 of 3rd period - Snap shot by Matthew Boldy.
16:31 of 3rd period - Stopped by Tristan Jarry with a rebound.
16:33 of 3rd period - Backhand shot by Shayne Gostisbehere.
16:33 of 3rd period - Shot Misses the Net.
16:35 of 3rd period - Slapshot by Shayne Gostisbehere.
16:35 of 3rd period - Stopped by Tristan Jarry without a rebound.
16:36 of 3rd period - Mika Zibanejad wins face-off versus Artemi Panarin in New York Rangers zone.
16:46 of 3rd period - Minor Penalty to Dmitry Kulikov for Hooking.
16:47 of 3rd period - David Kampf wins face-off versus Mika Zibanejad in New York Rangers zone.
16:59 of 3rd period - Wrist shot by Eric Robinson.
16:59 of 3rd period - Shot Blocked by Daniel Sprong.
17:04 of 3rd period - Minor Penalty to Matthew Boldy for Holding.
17:05 of 3rd period - Mika Zibanejad wins face-off versus Nathan MacKinnon in Detroit Red Wings zone.
17:09 of 3rd period - Snap shot by MacKenzie Weegar.
17:09 of 3rd period - Shot Blocked by Cam Fowler.
17:11 of 3rd period - Slapshot by MacKenzie Weegar.
17:11 of 3rd period - Stopped by Tristan Jarry with a rebound.
17:13 of 3rd period - Snap shot by MacKenzie Weegar.
17:13 of 3rd period - Deflect By Carter Verhaeghe.
17:13 of 3rd period - Shot Misses the Net.
17:13 of 3rd period - Puck is out of play.
17:14 of 3rd period - Mika Zibanejad wins face-off versus Artemi Panarin in New York Rangers zone.
17:21 of 3rd period - Wrist shot by Carter Verhaeghe.
17:21 of 3rd period - Shot Blocked by Nathan MacKinnon.
17:27 of 3rd period - Snap shot by Carter Verhaeghe.
17:27 of 3rd period - Shot Misses the Net.
17:29 of 3rd period - Snap shot by Carter Verhaeghe.
17:29 of 3rd period - Stopped by Tristan Jarry with a rebound.
17:31 of 3rd period - Snap shot by Mika Zibanejad.
17:31 of 3rd period - Shot Blocked by Cam Fowler.
18:22 of 3rd period - Snap shot by Carter Verhaeghe.
18:22 of 3rd period - Shot Blocked by Artemi Panarin.
18:24 of 3rd period - Snap shot by Mika Zibanejad.
18:24 of 3rd period - Shot Misses the Net.
18:32 of 3rd period - Slapshot by Carter Verhaeghe.
18:32 of 3rd period - Stopped by Tristan Jarry without a rebound.
18:33 of 3rd period - Steven Stamkos wins face-off versus Pierre-Luc Dubois in New York Rangers zone.
18:46 of 3rd period - Penalty to Dmitry Kulikov is over, Dmitry Kulikov is back on ice.
19:04 of 3rd period - Penalty to Matthew Boldy is over, Matthew Boldy is back on ice.
19:18 of 3rd period - Snap shot by Pierre-Luc Dubois.
19:18 of 3rd period - Shot Blocked by Jared McCann.
19:20 of 3rd period - Wrist shot by Dmitry Kulikov.
19:20 of 3rd period - Stopped by Vitek Vanecek with a rebound.
19:22 of 3rd period - Slapshot by Matthew Benning.
19:22 of 3rd period - Shot Blocked by Shayne Gostisbehere.
19:24 of 3rd period - Snap shot by Dmitry Kulikov.
19:24 of 3rd period - Stopped by Vitek Vanecek without a rebound.
19:25 of 3rd period - Mikael Granlund wins face-off versus Josh Bailey in Detroit Red Wings zone.
19:53 of 3rd period - Anthony Cirelli is hit by Eric Robinson and loses puck.
Goals for this period are 0 for Detroit Red Wings vs 1 for New York Rangers.
Shots for this period are 24 for Detroit Red Wings vs 11 for New York Rangers.
Back to the Top